Map: Orbital Shipyard

Players

Pseudorandom - Winner!

Wintersc2 (Winter)

  • Race: Zerg Zerg

VOD

Have the link to the VOD?

Description

Time

  • Played on: April 3, 2015, 12:40 a.m.
  • Length: 11:40
Show
View Real Time Build Order
Export as new Build Order

Pseudorandom Zerg - Winner!

Build Orders: Pool First, Ravager All-In 

Get SALT Encoding   

  12  0:01  Drone  
  13  0:12  Overlord  
  13  0:19  Drone  
  14  0:30  Drone x2  
  17  0:35  Drone  
  17  0:47  Spawning Pool  
  17  0:48  Drone  
  17  0:56  Drone  
  18  1:12  Hatchery  
  18  1:14  Drone  
  18  1:21  Drone  
  18  1:23  Extractor  
  18  1:33  Zergling x2  
  18  1:34  Queen  
  18  1:39  Drone  
  22  1:49  Overlord  
  22  1:59  Roach Warren  
  22  2:00  Extractor  
  22  2:01  Drone  
  21  2:11  Drone  
  21  2:13  Queen  
  24  2:24  Drone x2  
  26  2:40  Roach x2  
  26  2:43  Roach x2  
  34  2:56  Roach  
  34  2:58  Overlord  
  36  3:03  Overlord  
  35  3:24  Ravager x3  
  38  3:27  Ravager  
  38  3:28  Drone x3  
  38  3:29  Drone x3  
  45  3:42  Ravager  
  46  3:58  Drone x3  
  46  4:01  Burrow, Drone x3  
  52  4:03  Overlord  
  52  4:04  Extractor  
  52  4:06  Drone  
  52  4:08  Overlord  
  52  4:22  Drone x3  
  55  4:35  Drone x2  
  55  4:36  Drone x6  
  63  4:40  Extractor  
  63  4:43  Overlord  
  56  5:08  Overlord  
  56  5:09  Roach x3  
  56  5:10  Roach x2  
  56  5:12  Lair  
  66  5:15  Roach x4  
  66  5:16  Roach  
  76  5:46  Roach  
  76  5:47  Roach x3  
  76  5:48  Overlord x3  
  84  5:50  Hatchery  
  84  5:55  Evolution Chamber  
  82  6:11  Roach x2  
  82  6:12  Glial Reconstitution, Roach x5  
  97  6:18  Drone x3  
  97  6:19  Drone  
  100  6:26  Zerg Missile Weapons Level 1  
  100  6:27  Overlord  
  100  6:37  Roach x14  
  94  6:49  Roach x3  
  94  6:50  Roach x6  
  94  6:53  Ravager x3  
  94  6:54  Ravager  
  113  7:00  Roach  
  115  7:02  Overlord x2  
  115  7:22  Ravager x2  
  117  7:23  Ravager  
  117  7:26  Zergling x8  
  117  7:27  Zergling x8, Extractor x2  
  114  7:45  Roach x3  
  114  7:46  Roach x6  
  114  7:47  Overlord  
  122  7:58  Ravager x2  
  122  8:00  Drone x3  
  122  8:02  Drone x2  
  94  8:32  Hatchery  
  91  8:35  Ravager x6  
  91  8:36  Ravager  
  91  8:37  Drone x2  
  91  8:38  Drone x3  
  91  8:39  Roach x2  
  103  8:41  Drone  
  103  8:42  Drone  
  105  8:52  Spine Crawler  
  105  8:53  Spine Crawler  
  105  8:54  Spine Crawler  
  102  9:03  Roach x2  
  102  9:07  Roach x3  
  102  9:08  Roach x4  
  94  9:41  Roach  
  94  9:42  Roach x11  
  102  9:49  Drone  
  102  9:52  Drone  
  104  10:03  Roach x5  
  114  10:11  Roach x2  
  114  10:13  Spire  
  114  10:14  Drone x3  
  120  10:17  Drone x5, Extractor x2  
  123  10:23  Overseer  
  123  10:25  Roach x4  
  121  10:30  Roach x4  
  119  10:52  Drone x2  
  119  10:53  Drone  
  119  10:56  Ravager  
  128  10:57  Ravager x5  
  128  11:00  Ravager x8  
  126  11:27  Hatchery  
Show
View Real Time Build Order
Export as new Build Order

Wintersc2 Zerg 

Build Orders: Hatch First, Lurkers 

Get SALT Encoding   

  12  0:02  Drone  
  13  0:15  Overlord  
  13  0:18  Drone  
  14  0:33  Drone x2  
  16  0:37  Drone  
  17  0:47  Drone  
  18  1:00  Hatchery, Drone  
  18  1:21  Drone x2  
  18  1:24  Spawning Pool, Extractor  
  18  1:31  Drone  
  19  1:44  Drone  
  20  1:52  Overlord  
  20  2:12  Queen  
  20  2:14  Queen  
  24  2:16  Zergling x6  
  27  2:28  Drone x2  
  29  2:33  Roach Warren  
  29  2:36  Drone x2  
  30  2:47  Drone  
  30  2:48  Drone  
  32  2:57  Drone x2  
  34  3:09  Evolution Chamber  
  34  3:12  Overlord x2  
  32  3:21  Roach x2  
  36  3:30  Drone  
  36  3:31  Drone x7  
  44  3:39  Zerg Missile Weapons Level 1  
  44  3:42  Ravager  
  44  3:43  Ravager  
  45  3:49  Overlord  
  45  3:55  Overlord  
  45  3:59  Roach x2  
  45  4:02  Overlord  
  49  4:03  Overlord  
  49  4:05  Overlord  
  49  4:08  Extractor  
  48  4:12  Roach  
  50  4:24  Roach  
  51  4:31  Zergling x4  
  51  4:32  Zergling x2  
  51  4:37  Drone  
  51  4:38  Drone x4  
  59  4:40  Ravager  
  59  4:44  Drone x5  
  65  4:54  Ravager  
  66  5:01  Roach  
  66  5:02  Roach  
  67  5:08  Roach  
  67  5:09  Drone  
  67  5:11  Extractor x2  
  68  5:14  Drone  
  68  5:15  Drone, Overlord  
  70  5:26  Ravager  
  69  5:47  Drone x3, Roach x2  
  76  5:50  Drone  
  76  5:53  Lair  
  77  6:11  Drone x2  
  79  6:12  Ravager  
  79  6:16  Overlord  
  79  6:17  Overlord  
  80  6:19  Hatchery  
  80  6:23  Overlord  
  79  6:40  Drone x8  
  86  6:48  Spine Crawler x2  
  86  6:50  Drone  
  86  6:53  Hatchery  
  84  6:55  Hydralisk Den  
  83  7:04  Overlord  
  83  7:11  Zergling x4  
  83  7:12  Roach  
  83  7:13  Roach x2  
  83  7:15  Roach x3  
  97  7:20  Spine Crawler  
  97  7:21  Spine Crawler x2  
  97  7:22  Spine Crawler, Roach x3  
  101  7:23  Spine Crawler, Roach x2  
  101  7:30  Spine Crawler x2  
  101  7:35  Hatchery  
  89  7:38  Lurker Den  
  72  7:45  Roach x3  
  72  7:46  Roach x2  
  72  7:48  Roach  
  72  7:49  Roach  
  72  7:51  Roach  
  81  7:54  Hydralisk  
  77  8:01  Hydralisk  
  77  8:04  Hydralisk  
  76  8:06  Ravager x2  
  76  8:07  Ravager  
  76  8:18  Roach  
  76  8:19  Hydralisk, Roach  
  75  8:20  Hydralisk  
  75  8:21  Hydralisk  
  75  8:24  Roach  
  77  8:27  Drone  
  78  8:35  Drone x2  
  78  8:37  Overseer x2  
  80  8:46  Drone x2  
  78  9:12  Lurker  
  78  9:13  Lurker  
  80  9:18  Drone x3  
  82  9:25  Drone x2  
  82  9:27  Drone x2  
  77  9:34  Lurker  
  77  9:35  Lurker x3  
  60  9:51  Drone x3  
  63  9:58  Hydralisk x7  
  77  10:12  Muscular Augments  
  77  10:15  Drone x3  
  77  10:18  Drone x4  
  77  10:21  Hydralisk x2  
  88  10:31  Drone  
  87  10:39  Lurker  
  87  10:40  Lurker  
  89  10:45  Hydralisk  
  91  10:52  Drone  
  91  10:56  Drone x2  
  94  11:02  Drone x2  
  94  11:03  Drone x3  
  99  11:10  Hatchery  
  95  11:13  Hydralisk  
Tags
 
Add a new tag
Caveats
  • Supply blocks, unpowered buildings, or Contaminate may cause inaccurate times.
  • Supply counts are checked every 10 seconds.